 Dungeon Crawl Stone Soup version 0.24-a0-769-g368c1644f8 (webtiles) character file.

Game seed: 2086118630174972039, levelgen mode: deterministic

206 Ponchio the Skirmisher (level 5, -4/34 HPs)
             Began as a Gargoyle Fighter on Oct 4, 2019.
             Slain by an ogre
             ... wielding a +0 giant club
              (23 damage)
             ... on level 4 of the Dungeon.
             The game lasted 00:05:33 (2528 turns).

Ponchio the Skirmisher (Gargoyle Fighter)           Turns: 2528, Time: 00:05:34

Health: -4/34      AC: 10    Str: 19    XL:     5   Next: 84%
Magic:  5/5        EV:  8    Int:  9    God:
Gold:   135        SH:  9    Dex: 10    Spells: 4/4 levels left

rFire    . . .     SeeInvis .   a - +0 flail
rCold    . . .     Gourm    .   c - +0 shield
rNeg     + . .     Faith    .   h - +0 ring mail
rPois    ∞         Spirit   .   (no helmet)
rElec    +         Reflect  .   (no cloak)
rCorr    .         Harm     .   p - +0 pair of gloves
MR       .....                  (no boots)
Stlth    +.........             (no amulet)
HPRegen  0.11/turn              (no ring)
MPRegen  0.09/turn              (no ring)

@: no status effects
A: negative energy resistance 1, electricity resistance, unbreathing,
petrification resistance, rot immunity, AC +4
a: no special abilities


You were on level 4 of the Dungeon.
You were near starving.

You visited 1 branch of the dungeon, and saw 4 of its levels.

You collected 135 gold pieces.

Inventory:

Hand Weapons
 a - a +0 flail (weapon)
Armour
 c - a +0 shield (worn)
 h - a +0 ring mail (worn)
 p - a +0 pair of gloves (worn)
Jewellery
 q - an uncursed ring of protection from cold
Wands
 t - a wand of digging (4)
Scrolls
 b - 6 scrolls of identify {unknown}
 g - 4 scrolls of amnesia {unknown}
 i - 5 scrolls of teleportation {unknown}
 l - 2 scrolls of random uselessness {unknown}
 m - a scroll of noise {unknown}
 o - 3 scrolls of remove curse {unknown}
 r - 2 scrolls of enchant weapon {unknown}
Potions
 d - a potion of might
 e - 2 potions of heal wounds {unknown}
 j - 3 potions of curing {unknown}
 k - a potion of haste {unknown}
 n - a potion of flight {unknown}
 s - a potion of agility {unknown}
Comestibles
 f - 7 rations


   Skills:
 + Level 4.9 Fighting
 + Level 4.2 Maces & Flails
 - Level 3.2 Armour
 + Level 1.4 Dodging
 + Level 0.4 Stealth
 - Level 3.2 Shields


You had 4 spell levels left.
You didn't know any spells.
Your spell library was empty.

Dungeon Overview and Level Annotations

Branches:
Dungeon (4/15)
 Temple: D:4-7

Altars:
Ru


Innate Abilities, Weirdness & Mutations

You are resistant to torment.
Your stone body is resilient. (AC +4)
You are immune to poison.
You resist negative energy. (rN+)
You are resistant to electric shocks. (rElec)
You can survive without breathing.
You are immune to petrification.
You are immune to rotting.


Message History

The ogre hits you with a +0 giant club.
You hit the ogre but do no damage. The ogre barely misses you.
You hit the ogre but do no damage. You block the ogre's attack.
You hit the ogre but do no damage. The ogre barely misses you.
You hit the ogre.
The ogre is lightly wounded.
The ogre hits you with a +0 giant club!
You hit the ogre.
The ogre is lightly wounded.
You closely miss the ogre.
The ogre is lightly wounded.
The ogre completely misses you.
You thump the ogre!
The ogre is heavily wounded.
The ogre barely misses you.
You hit the ogre.
The ogre is severely wounded.
The ogre hits you with a +0 giant club!!
Ouch! That really hurt!
You die...

.# #.. #.#
### #.# ..
#.# #. #.#
.##.##.##.#
.......O@.#
.#####.##.#
#. #.# #.
#.##########
#.
#.#........#
#.
#...########
#. #.#.# #.
#.#.#####
###.....#


You could see an ogre.

Vanquished Creatures
  An ogre (D:4)
  A worker ant (D:4)
  4 adders
  3 worms
  A dart slug (D:2)
  2 leopard geckos
  An orc (D:3)
  A ball python (D:2)
  A giant cockroach (D:1)
  3 goblins
  7 hobgoblins
  5 jackals (D:2)
  8 kobolds
  3 bats (D:2)
  5 frilled lizards
  7 rats
  A plant (D:3)
54 creatures vanquished.

Notes
Turn   | Place    | Note
-------+----------+-------------------------------------------
     0 | D:1      | Ponchio the Gargoyle Fighter began the quest for the Orb.
     0 | D:1      | Reached XP level 1. HP: 14/14 MP: 1/1
   508 | D:1      | Reached XP level 2. HP: 19/20 MP: 2/2
   564 | D:2      | Found a faded altar of an unknown god.
   807 | D:2      | Reached XP level 3. HP: 20/24 MP: 3/3
  1254 | D:2      | Reached XP level 4. HP: 30/30 MP: 4/4
  1587 | D:3      | Reached skill level 1 in Dodging
  2089 | D:3      | Found a sacrificial altar of Ru.
  2331 | D:4      | Noticed an ogre
  2346 | D:4      | Killed an ogre
  2346 | D:4      | Reached XP level 5. HP: 24/34 MP: 5/5
  2512 | D:4      | Noticed an ogre
  2528 | D:4      | Slain by an ogre

Levels and vault maps discovered:
D:1:      dpeg_arrival_tiny_i, layout_loops_cross
D:2:      layout_loops_corners, chequers_ecumenical_altar_simple_redux,
          minmay_pentomino_w2
D:3:      layout_loops_corners, nicolae_ru_the_path_less_chosen
D:4:      layout_basic, minmay_temple_entry_waves, first_ration

Skill      XL: |  1  2  3  4 |
---------------+-------------+-----
Fighting       | 4 |  4.9
Maces & Flails | 3 4 |  4.2
Dodging        | 1 |  1.4
Armour         | |  3.2
Stealth        | |  0.4
Shields        | |  3.2

Action                   |  1- 3 |  4- 6 || total
-------------------------+-------+-------++-------
Melee: Flail             |   121 |   120 ||   241
  Eat: Chunk             |       |     4 ||     4
Armor: Ring mail         |    60 |    30 ||    90
       Scale mail        |     1 |       ||     1
Dodge: Dodged            |    58 |    26 ||    84
Block: Shield            |    70 |    36 ||   106

Table legend:
 A = Non-vault XP
 B = Vault XP
 C = Vault XP percentage of total XP
 D = Non-vault monster count
 E = Vault monster count
 F = Vault count percentage of total count
                 A         B        C        D         E       F
            +---------+---------+-------+---------+---------+-------
      Total |     289 |       6 |   2.0 |      51 |       2 |   3.8
            +---------+---------+-------+---------+---------+-------
        D:1 |      10 |       0 |   0.0 |       6 |       0 |   0.0
        D:2 |      70 |       6 |   7.9 |      28 |       2 |   6.7
        D:3 |      55 |       0 |   0.0 |      15 |       0 |   0.0
        D:4 |     154 |       0 |   0.0 |       2 |       0 |   0.0
            +---------+---------+-------+---------+---------+-------
